 Dungeon Crawl Stone Soup version 0.32-a0-931-g5a2cda0 (webtiles) character file.

Game seed: 646248099002753808

1571 csikos the Carver (level 8, -3/56 HPs)
             Began as a Coglin Warper on Apr 13, 2024.
             Was a Believer of Wu Jian.
             Slain by Menkaure (16 damage)
             ... on level 6 of the Dungeon.
             The game lasted 00:10:52 (5022 turns).

csikos the Carver (Coglin Warper)                   Turns: 5022, Time: 00:10:53

Health: -3/56      AC:  8    Str: 11    XL:     8   Next: 90%
Magic:  10/10      EV:  9    Int: 13    God:    Wu Jian [**....]
Gold:   165        SH:  0    Dex: 16    Spells: 6/10 levels left

rFire   . . .        a - +0 falchion {Yawen}
rCold   . . .        B - +0 falchion {Jim}
rNeg    . . .        n - +0 ring mail
rPois   .            P - +0 helmet
rElec   .            (no cloak)
rCorr   .            i - +0 pair of gloves
SInv    .            l - +0 pair of boots
Will    .....        (amulet unavailable)
Stlth   +            (ring unavailable)
HPRegen 0.29/turn    (ring unavailable)
MPRegen 0.12/turn    (no gizmo)

%: no passive effects
@: revved
A: off-hand wielding, slow wielding, warmup strikes, no jewellery
a: Invent Gizmo, Renounce Religion, Wall Jump


You were on level 6 of the Dungeon.
You worshipped Wu Jian.
Wu Jian was pleased with you.
You visited 1 branch of the dungeon, and saw 7 of its levels.

You collected 165 gold pieces.

Inventory:

Hand Weapons
 a - a +0 falchion (weapon) {Yawen}
 e - a +0 dagger {Conrad}
 m - a +2 short sword of speed {Vikramjeet}
 B - a +0 falchion (offhand) {Jim}
Missiles
 d - 7 darts of dispersal
 k - 4 javelins
 q - a throwing net
 J - 3 poisoned darts (quivered)
Armour
 b - a +0 leather armour
 i - a +0 pair of gloves (worn)
 l - a +0 pair of boots (worn)
 n - a +0 ring mail (worn)
 A - a +1 robe of willpower
 P - a +0 helmet (worn)
Talismans
 o - a maw talisman
Wands
 u - a wand of acid (11)
 y - a wand of mindburst (12)
Scrolls
 c - 2 scrolls of blinking
 f - 2 scrolls of poison {unknown}
 g - 5 scrolls of teleportation
 h - a scroll of revelation {unknown}
 j - 2 scrolls of amnesia {unknown}
 r - 2 scrolls of torment {unknown}
 v - a scroll of silence {unknown}
 x - 2 scrolls of enchant weapon {unknown}
 z - a scroll of acquirement {unknown}
 C - 2 scrolls of fog {unknown}
 D - 4 scrolls of enchant armour {unknown}
 F - a scroll of immolation {unknown}
 G - 4 scrolls of identify {unknown}
 N - 2 scrolls of vulnerability {unknown}
 O - a scroll of fear {unknown}
Potions
 p - 2 potions of berserk rage {unknown}
 s - 2 potions of brilliance {unknown}
 t - a potion of haste {unknown}
 w - 3 potions of curing
 E - 3 potions of mutation {unknown}
 H - a potion of attraction {unknown}
 I - a potion of cancellation {unknown}
 K - a potion of magic {unknown}
 L - a potion of heal wounds {unknown}
 M - 2 potions of might {unknown}


   Skills:
 - Level 2.0 Fighting
 + Level 11.0 Long Blades
 - Level 0.8 Throwing
 - Level 0.8 Armour
 - Level 1.7 Dodging
 - Level 1.7 Spellcasting
 - Level 3.0 Translocations


You had 6 spell levels left.
You knew the following spells:

 Your Spells              Type           Power      Damage    Failure   Level
a - Blink                 Tloc           16%        N/A       28%         2
b - Lesser Beckoning      Tloc           16%        N/A       28%         2

Your spell library contained the following spells:

 Spells                   Type           Power      Damage    Failure   Level
 Maxwell's Portable Pile  Tloc           8%         2d(6-16)  50%         3
 Teleport Other           Tloc           8%         N/A       50%         3
 Ensorcelled Hibernation  Hex/Ice        2%         N/A       67%         2
 Passwall                 Erth           1%         N/A       88%         3
 Swiftness                Air            1%         N/A       88%         3
 Tukima's Dance           Hex            1%         N/A       88%         3
 Dimensional Bullseye     Hex/Tloc       2%         N/A       98%         4
 Iskenderun's Mystic Bla Conj/Tloc 5%             2d3        (+2d1     98%         4
 Vhi's Electric Charge    Tloc/Air       10%        N/A       98%         4


Dungeon Overview and Level Annotations

Branches:
Dungeon (7/15)
 Temple: D:4-7

Altars:
Ashenzari
Makhleb
Nemelex Xobeh
Qazlal
Trog
Uskayaw
Wu Jian
Zin

Shops:
D:4 (

Annotations:
D:6 Grinder, Menkaure


Innate Abilities, Weirdness & Mutations

You can wield a second weapon in your off-hand.
It takes a long time for you to wield or remove held weapons.
Your first few attacks do less damage.
You cannot equip rings or amulets.


Message History

No target in view!
Unknown command.
No target in view!
No target in view!
Okay, then.
Things that are here:
a +0 short sword; a +0 leather armour; an orc corpse Menkaure, Prince of Dust comes into view.
Menkaure shouts!
Menkaure mumbles a few words.
Found 6 large rocks.
Menkaure casts a spell.
Menkaure seems to speed up.
A phantom comes into view.
You lunge at Menkaure.
You hit Menkaure with your +0 falchion.
Menkaure is moderately damaged.
You hit Menkaure but do no damage. Menkaure hits you.
Unknown command.
You barely miss Menkaure with your +0 falchion.
Menkaure is moderately damaged.
You hit Menkaure with your +0 falchion.
Menkaure calls on the powers of darkness!
Your body is wracked with pain!
You are too injured to fight recklessly!
Unknown command.
You barely miss Menkaure with your +0 falchion.
Menkaure is moderately damaged.
You hit Menkaure but do no damage. Menkaure hits you.
You hit Menkaure with your +0 falchion.
Menkaure is moderately damaged.
You hit Menkaure with your +0 falchion. Menkaure hits you!
* * * LOW HITPOINT WARNING * * *
You closely miss Menkaure with your +0 falchion.
Menkaure is severely damaged.
You hit Menkaure but do no damage. Menkaure hits you.
* * * LOW HITPOINT WARNING * * *
You hit Menkaure but do no damage.
Menkaure is severely damaged.
You hit Menkaure but do no damage. Menkaure hits you!
You die...

#. .. . .
.##( ...
.W# #.# #
#M# #.#@#
#.##.#.##
#.......#
#.......#
#.##.##.#
# #.##.#
#.##.##.#
#.......#
####.####


You could see a phantom and Menkaure (fast).

Vanquished Creatures
  Sigmund (D:6)
  2 water moccasins
  A black bear (D:4)
  4 phantoms
  A gnoll sergeant (D:5)
  3 scorpions
  A bombardier beetle (D:5)
  A jelly (D:5)
  An orc priest (D:3)
  A hound (D:5)
  3 orc wizards
  Jessica (D:3)
  Terence (D:3)
  An iguana (D:4)
  15 gnolls
  3 adders
  A shadow imp (D:5)
  3 white imps
  6 dart slugs
  16 orcs
  4 endoplasms (D:1)
  A giant cockroach (D:2)
  7 hobgoblins
  2 jackals (D:1)
  7 kobolds
  6 quokkas
  8 ball pythons
  5 bats
  A frilled lizard (D:1)
  4 goblins
  3 rats
114 creatures vanquished.

Notes
Turn   | Place    | Note
-------+----------+-------------------------------------------
     0 | D:1      | csikos the Coglin Warper began the quest for the Orb.
     0 | D:1      | Reached XP level 1. HP: 16/16 MP: 3/3
    79 | D:1      | Reached XP level 2. HP: 22/22 MP: 4/4
   153 | D:1      | Reached skill level 3 in Long Blades
   327 | D:1      | Reached XP level 3. HP: 27/27 MP: 5/5
   915 | D:2      | Found a broken altar of Ashenzari.
  1217 | D:2      | Reached skill level 4 in Long Blades
  1470 | D:3      | Noticed Jessica
  1476 | D:3      | Killed Jessica
  1477 | D:3      | Reached XP level 4. HP: 19/33 MP: 6/6
  1566 | D:3      | Learned a level 2 spell: Blink
  1569 | D:3      | Learned a level 2 spell: Lesser Beckoning
  1680 | D:3      | Found a sparkling altar of Nemelex Xobeh.
  1708 | D:3      | Found an ornate altar of the Wu Jian Council.
  1728 | D:3      | Became a worshipper of the Wu Jian Council
  1807 | D:3      | Reached skill level 5 in Long Blades
  1807 | D:3      | Reached XP level 5. HP: 3/38 MP: 7/7
  1978 | D:3      | Noticed Terence
  1984 | D:3      | Killed Terence
  2206 | D:3      | Found a stormy altar of Qazlal.
  2206 | D:3      | Found a hide-covered altar of Uskayaw.
  2209 | D:3      | Found a broken altar of Ashenzari.
  2303 | D:3      | Found a burning altar of Makhleb.
  2308 | D:3      | Noticed a balrug
  2311 | D:3      | Found a glowing silver altar of Zin.
  2311 | D:3      | Noticed an angel
  2666 | D:4      | Noticed a phantom
  2672 | D:4      | Noticed a phantom
  2681 | D:4      | Killed a phantom
  2682 | D:4      | Reached skill level 6 in Long Blades
  2682 | D:4      | Reached XP level 6. HP: 37/44 MP: 8/8
  2977 | D:4      | Found Fumy's Weapon Boutique.
  3042 | D:4      | Reached skill level 7 in Long Blades
  3189 | D:4      | Noticed a black bear
  3199 | D:4      | Killed a black bear
  3200 | D:4      | Reached XP level 7. HP: 39/50 MP: 9/9
  3526 | D:5      | Entered Level 5 of the Dungeon
  3639 | D:4      | Reached skill level 8 in Long Blades
  3842 | D:5      | Reached * piety under Wu Jian
  4140 | D:5      | Reached skill level 9 in Long Blades
  4141 | D:5      | Reached XP level 8. HP: 44/56 MP: 10/10
  4361 | D:5      | Found a bloodstained altar of Trog.
  4594 | D:6      | Noticed Sigmund
  4598 | D:6      | Noticed Grinder
  4601 | D:6      | Killed Sigmund
  4602 | D:6      | Reached skill level 10 in Long Blades
  4908 | D:6      | Reached ** piety under Wu Jian
  4936 | D:6      | Reached skill level 11 in Long Blades
  5013 | D:6      | Noticed Menkaure
  5022 | D:6      | Slain by Menkaure

Illustrated notes

Levels and vault maps discovered:
D:1:      nicolae_arrival_washed_ashore, layout_basic
D:2:      layout_loops_ring, basic_altar
D:3:      layout_basic, grunt_temple_overflow_order_and_chaos_2, minitemple,
          lemuel_doored_altar, mainiacjoe_overflow_tiny_flanked,
          item_on_display_a, uniq_terence, uniq_jessica
D:4:      layout_loops_ring, serial_bayou_ford_a, nicolae_stop_n_shop_1
D:5:      layout_cave_pools, mainiacjoe_overflow_alcove_4, dk_rats_in_the_wall
D:6:      layout_loops_cross, minmay_temple_entry_grid, nicolae_letterblocks
          [nicolae_letter_subblock, nicolae_letter_subblock,
          nicolae_letter_subblock, nicolae_letter_subblock,
          nicolae_letter_subblock, nicolae_letter_subblock,
          nicolae_letter_subblock, nicolae_letter_subblock,
          nicolae_letter_subblock, nicolae_letter_subblock,
          nicolae_letter_subblock, nicolae_letter_subblock,
          nicolae_letter_subblock, nicolae_letter_subblock,
          nicolae_letter_subblock, nicolae_letter_subblock,
          nicolae_letter_subblock, nicolae_letter_subblock,
          nicolae_letter_subblock, nicolae_letter_subblock,
          nicolae_letter_subblock, nicolae_letter_subblock,
          nicolae_letter_subblock, nicolae_letter_subblock,
          nicolae_letter_subblock], uniq_grinder, uniq_menkaure, uniq_sigmund
D:7:      layout_basic, mainiacjoe_overflow_big_doors,
          mainiacjoe_overflow_two_lobes, gammafunk_ghost_nasty_kobolds

Skill      XL: |  1  2  3  4  5  6  7  8 |
---------------+-------------------------+-----
Long Blades    | 3 4 5 6 7 9 11 | 11.0
Fighting       | |  2.0
Throwing       | |  0.8
Armour         | |  0.8
Dodging        | |  1.7
Spellcasting   | |  1.7
Translocations | |  3.0

Action                     |  1- 3 |  4- 6 |  7- 9 || total
---------------------------+-------+-------+-------++-------
  Melee: Falchion          |    71 |   148 |   271 ||   490
         Dagger            |    27 |       |       ||    27
         Short sword       |    37 |     2 |       ||    39
  Throw: Dart              |       |     1 |       ||     1
Ability: Lunge             |       |    13 |    19 ||    32
         Whirlwind         |       |       |     2 ||     2
  Evoke: Wand              |       |     1 |     1 ||     2
    Use: Scroll            |     1 |       |       ||     1
         Potion            |       |       |     1 ||     1
   Stab: Sleeping          |     1 |       |       ||     1
 Armour: Leather armour    |    20 |       |       ||    20
         Ring mail         |    16 |    47 |   104 ||   167
  Dodge: Dodged            |    38 |    29 |    48 ||   115

Table legend: (Time is in decaauts)
 A = Elapsed time spent in this place.
 B = Non-inter-level travel time spent in this place.
 C = Inter-level travel time spent in this place.
 D = Time resting spent in this place.
 E = Time spent auto-exploring this place.
 F = Levels seen in this place.
 G = Mean time per level.
                   A        B        C        D        E       F      G
               +--------+--------+--------+--------+--------+-----+--------+
         Total |   5015 |   4909 |    106 |    520 |   3479 |   7 |  716.4 |
       Dungeon |   5015 |   4909 |    106 |    520 |   3479 |   7 |  716.4 |
               +--------+--------+--------+--------+--------+-----+--------+

Top non-repeatable levels by time:
     D:4: 1180 daAuts
     D:3: 1129 daAuts
     D:1: 876 daAuts
     D:5: 827 daAuts
     D:2: 576 daAuts
     D:6: 251 daAuts
     D:7: 174 daAuts
